 Dungeon Crawl Stone Soup version 0.27-a0-1184-ge86db4a01e (webtiles) character file.

Game seed: 9277366289111823632

697 Shayle the Zephyrmancer (level 7, 0/46 HPs)
             Began as a Demonspawn Air Elementalist on May 18, 2021.
             Was an Initiate of Vehumet.
             Killed from afar by a white imp (3 damage)
             ... with a puff of frost
             ... on level 5 of the Dungeon.
             The game lasted 00:10:59 (4890 turns).

Shayle the Zephyrmancer (DsAE)                      Turns: 4890, Time: 00:11:00

Health: 0/46       AC:  5    Str:  9    XL:     7   Next: 38%
Magic:  10/10      EV: 12    Int: 24    God:    Vehumet [......]
Gold:   191        SH:  0    Dex: 13    Spells: 3/10 levels left

rFire    . . .     SeeInvis .   c - +1 broad axe (vamp)
rCold    . . .     Faith    .   (no shield)
rNeg     . . .     Spirit   .   a - +0 robe
rPois    .         Reflect  .   (helmet restricted)
rElec    .         Harm     .   (no cloak)
rCorr    +         Rampage  .   (no gloves)
Will     .....                  (no boots)
Stlth    ++........             (no amulet)
HPRegen  0.15/turn              m - +6 ring of intelligence
MPRegen  0.12/turn              x - ring of resist corrosion

@: no status effects
A: antennae 2, thin metallic scales 2
a: Renounce Religion


You were on level 5 of the Dungeon.
You worshipped Vehumet.
Vehumet was noncommittal.
You visited 2 branches of the dungeon, and saw 7 of its levels.

You collected 191 gold pieces.

Inventory:

Hand Weapons
 c - a +1 vampiric broad axe (weapon)
 e - a +0 short sword
Missiles
 b - 2 atropa-tipped darts
 n - a throwing net
Armour
 a - a +0 robe (worn)
 o - a +0 helmet
Jewellery
 m - a +6 ring of intelligence (left hand)
 x - a ring of resist corrosion (right hand)
Wands
 v - a wand of paralysis (12)
Scrolls
 f - a scroll of teleportation {unknown}
 h - a scroll of noise {unknown}
 i - a scroll of fear {unknown}
 j - a scroll of magic mapping {unknown}
 p - 3 scrolls of summoning {unknown}
 r - a scroll of fog {unknown}
 t - a scroll of enchant weapon {unknown}
 u - a scroll of identify
Potions
 d - a potion of berserk rage
 g - 3 potions of curing
 k - a potion of brilliance
 l - a potion of might {unknown}
 q - 2 potions of ambrosia
 s - a potion of attraction {unknown}
 w - a potion of cancellation {unknown}
 z - a potion of degeneration {unknown}


   Skills:
 - Level 1.7 Dodging
 - Level 1.7 Stealth
 - Level 2.0 Spellcasting
 - Level 1.0 Conjurations
 + Level 8.0 Air Magic


You had 3 spell levels left.
You knew the following spells:

 Your Spells              Type           Power      Damage    Failure   Level
a - Shock                 Conj/Air       96%        1d9       1%          1
b - Static Discharge      Conj/Air       24%        N/A       2%          2
c - Airstrike             Air            20%        N/A       4%          4

Your spell library contained the following spells:

 Spells                   Type           Power      Damage    Failure   Level
 Swiftness                Air            40%        N/A       1%          3
 Animate Skeleton         Necr           4%         N/A       12%         1
 Pain                     Necr           8%         1d4       12%         1
 Vampiric Draining        Necr           1%         2d6       34%         3
 Lightning Bolt           Conj/Air       12%        1d25      45%         5
 Animate Dead             Necr           1%         N/A       75%         4
 Agony                    Necr           2%         N/A       97%         5


Dungeon Overview and Level Annotations

Branches:
Dungeon (6/15)             Temple (1/1) D:4

Altars:
Ashenzari
Cheibriados
Dithmenos
Elyvilon
Gozag
Hepliaklqana
Kikubaaqudgha
Makhleb
Nemelex Xobeh
Okawaru
Ru
Sif Muna
Trog
Uskayaw
Vehumet
Xom
Yredelemnul
Zin

Shops:
D:5 =   D:6 (


Innate Abilities, Weirdness & Mutations

You have a pair of antennae on your head.
You are mostly covered in thin metallic scales. (AC +3)


Message History

You barely miss the white imp. The white imp hits you.
The white imp freezes you.
You barely miss the white imp. The white imp hits you.
The white imp freezes you. The white imp closely misses you.
You closely miss the white imp.
The white imp hits you but does no damage.
You closely miss the white imp.
The white imp hits you but does no damage.
The white imp barely misses you.
You hit the white imp.
The white imp is heavily wounded.
The white imp hits you but does no damage.
The white imp barely misses you.
You barely miss the white imp.
The white imp is heavily wounded.
The white imp misses you.
You closely miss the white imp.
The white imp is heavily wounded.
The white imp gestures at you. The puff of frost hits you.
The white imp hits you but does no damage.
You barely miss the white imp.
The white imp is heavily wounded.
The white imp shouts, "Quit, thou plume-plucked hedge-born malt-worm!"
The white imp gestures at you. The puff of frost hits you!
You closely miss the white imp.
The white imp is heavily wounded.
The white imp hits you. The white imp freezes you.
The white imp gestures at you. The puff of frost hits you!
* * * LOW HITPOINT WARNING * * *
You closely miss the white imp.
The white imp is heavily wounded.
The white imp misses you. The white imp closely misses you.
You hit the white imp.
The white imp is severely wounded.
The white imp gestures at you. The puff of frost hits you.
You die...

. #.. . #..#
.##...# {{#..#.# #
##.#.. ......
#..#+#..#.#
.......
#..#)#.#5.#
......###..###.#@#
(.....##....#....#
........(.. #.#.##
.........##.#...#
.........##....##
.........#####.#
..........## #.#
........#..###.#
........##.....#


You could see a white imp.

Vanquished Creatures
  Grinder (D:4)
  A black bear (D:4)
  An ogre (D:5)
  A water moccasin skeleton (D:3)
  A hound (D:5)
  A gnoll shaman (D:4)
  An iguana (D:4)
  An orc wizard (D:3)
  5 gnolls (D:4)
  4 adders
  An adder skeleton (D:3)
  3 worms
  4 dart slugs
  3 orcs (D:3)
  5 ball pythons
  6 bats
  6 endoplasms
  A giant cockroach (D:3)
  6 hobgoblins
  7 jackals
  6 kobolds
  A quokka (D:1)
  3 frilled lizards
  9 goblins
  7 rats
85 creatures vanquished.

Notes
Turn   | Place    | Note
-------+----------+-------------------------------------------
     0 | D:1      | Shayle the Demonspawn Air Elementalist began the quest for
                  | the Orb.
     0 | D:1      | Reached XP level 1. HP: 13/13 MP: 3/3
   172 | D:1      | Reached skill level 3 in Air Magic
   296 | D:1      | Gained mutation: You are partially covered in thin metallic
                  | scales. (AC +2) [demonic ancestry]
   296 | D:1      | Reached XP level 2. HP: 11/19 MP: 1/5
   506 | D:1      | Learned a level 2 spell: Static Discharge
   687 | D:1      | You fall into a shaft and drop 1 floor!
   963 | D:1      | Reached XP level 3. HP: 24/24 MP: 1/6
  1259 | D:1      | Reached skill level 4 in Air Magic
  2127 | D:3      | Reached skill level 5 in Air Magic
  2127 | D:3      | Gained mutation: You are mostly covered in thin metallic
                  | scales. (AC +3) [demonic ancestry]
  2127 | D:3      | Reached XP level 4. HP: 25/30 MP: 3/7
  2250 | D:3      | Learned a level 4 spell: Airstrike
  2709 | D:3      | Gained mutation: You have a pair of small antennae on your
                  | head. [demonic ancestry]
  2709 | D:3      | Reached XP level 5. HP: 35/35 MP: 5/8
  3291 | D:4      | Found a staircase to the Ecumenical Temple.
  3299 | Temple   | Entered the Ecumenical Temple
  3419 | Temple   | Became a worshipper of Vehumet
  3616 | D:4      | Noticed a black bear
  3633 | D:4      | Killed a black bear
  3634 | D:4      | Reached skill level 6 in Air Magic
  3634 | D:4      | Reached XP level 6. HP: 28/41 MP: 0/9
  3786 | D:4      | Found a snail-covered altar of Cheibriados.
  3953 | D:4      | Noticed Grinder
  3961 | D:5      | Entered Level 5 of the Dungeon
  4134 | D:4      | Paralysed by Grinder for 2 turns
  4143 | D:4      | Killed Grinder
  4144 | D:4      | Reached skill level 7 in Air Magic
  4144 | D:4      | Gained mutation: You have a pair of antennae on your head.
                  | [demonic ancestry]
  4144 | D:4      | Reached XP level 7. HP: 32/46 MP: 0/10
  4450 | D:5      | Found Lite's Jewellery Boutique.
  4479 | D:6      | Found Ripia's Weapon Emporium.
  4705 | D:5      | Reached skill level 8 in Air Magic
  4877 | D:5      | Found the +9 staff of Olgreb {rPois∞}
  4888 | D:5      | HP: 2/46 [white imp/puff of frost (12)]
  4890 | D:5      | Killed from afar by a white imp

Illustrated notes

Levels and vault maps discovered:
D:1:      lightli_arrival_lavapool, layout_loops_ring, minmay_misc_feat_iff,
          minmay_misc_feat_alley, minmay_cut_off
D:2:      layout_rooms
D:3:      layout_rooms, kennysheep_boxes
D:4:      layout_gridville, gammafunk_temple_overflow_wave,
          minmay_temple_entry_mist, uniq_grinder
D:5:      layout_cave_pools, serial_shops, nicolae_shop_stone,
          minmay_guarded_unrand_staff_of_olgreb
D:6:      layout_basic, lemuel_crystal_altar, serial_shops, shop_fountains,
          hangedman_decor_points
Temple:   lightli_temple_of_artemis

Skill      XL: |  1  2  3  4  5  6  7 |
---------------+----------------------+-----
Air Magic      | 3 5 6 7 8 |  8.0
Dodging        | |  1.7
Stealth        | |  1.7
Spellcasting   | |  2.0
Conjurations   | |  1.0

Action                   |  1- 3 |  4- 6 |  7- 9 || total
-------------------------+-------+-------+-------++-------
Melee: Short sword       |    49 |     7 |       ||    56
       Broad axe         |       |    25 |    25 ||    50
 Cast: Shock             |    85 |    47 |     2 ||   134
       Airstrike         |       |     6 |     7 ||    13
  Use: Scroll            |     2 |     2 |       ||     4
 Stab: Sleeping          |     1 |     1 |       ||     2
Armor: Robe              |    17 |    14 |     8 ||    39
Dodge: Dodged            |    45 |    21 |    20 ||    86

Table legend: (Time is in decaauts)
 A = Elapsed time spent in this place.
 B = Non-inter-level travel time spent in this place.
 C = Inter-level travel time spent in this place.
 D = Time resting spent in this place.
 E = Time spent auto-exploring this place.
 F = Levels seen in this place.
 G = Mean time per level.
                   A        B        C        D        E       F      G
               +--------+--------+--------+--------+--------+-----+--------+
         Total |   4963 |   4821 |    142 |    953 |   3108 |   7 |  709.0 |
       Dungeon |   4835 |   4693 |    142 |    953 |   3012 |   6 |  805.8 |
        Temple |    128 |    128 |      0 |      0 |     96 |   1 |  128.0 |
               +--------+--------+--------+--------+--------+-----+--------+

Top non-repeatable levels by time:
     D:1: 1209 daAuts
     D:4: 1204 daAuts
     D:3: 1085 daAuts
     D:2: 849 daAuts
     D:6: 249 daAuts
     D:5: 236 daAuts
  Temple: 128 daAuts
